 Dungeon Crawl Stone Soup version 0.27.1-34-g3ba077fa99 (webtiles) character file.

Game seed: 4274455088584400743

94 cbfl8 the Sneak (level 4, -3/40 HPs)
             Began as a Minotaur Delver on Jan 24, 2022.
             Slain by Terence (8 damage)
             ... on level 2 of the Dungeon.
             The game lasted 00:04:15 (1362 turns).

cbfl8 the Sneak (Minotaur Delver)                   Turns: 1362, Time: 00:04:16

Health: -3/40      AC:  3    Str: 17    XL:     4   Next: 38%
Magic:  3/3        EV: 12    Int:  7    God:
Gold:   65         SH:  0    Dex: 12    Spells: 3/3 levels left

rFire    . . .     SeeInvis .   l - +2 trident (vorpal)
rCold    + . .     Faith    .   (no shield)
rNeg     + . .     Spirit   .   b - +0 leather armour
rPois    .         Reflect  .   (helmet restricted)
rElec    .         Harm     .   (no cloak)
rCorr    .         Rampage  .   (no gloves)
Will     .....                  (no boots)
Stlth    +++.......             d - amulet of the acrobat
HPRegen  0.13/turn              m - ring of positive energy
MPRegen  0.08/turn              o - ring of protection from cold

@: no status effects
A: horns 2, retaliatory headbutt
a: no special abilities


You were on level 2 of the Dungeon.
You visited 1 branch of the dungeon, and saw 5 of its levels.

You collected 65 gold pieces.

Inventory:

Hand Weapons
 a - a +0 hand axe
 l - a +2 vorpal trident (weapon)
Missiles
 e - 72 arrows
 i - 24 bolts
Armour
 b - a +0 leather armour (worn)
Magical Staves
 f - a staff of cold
 h - a staff of air
Jewellery
 d - an amulet of the acrobat (around neck)
 m - a ring of positive energy (left hand)
 o - a ring of protection from cold (right hand)
Wands
 g - a wand of digging (3)
Scrolls
 c - a scroll of fog
 j - 2 scrolls of identify {unknown}
 k - a scroll of fear
 n - a scroll of teleportation {unknown}
Potions
 p - a potion of magic {unknown}


   Skills:
 + Level 4.1 Fighting
 + Level 3.3 Axes
 + Level 0.6(2.1) Polearms
 + Level 1.0 Armour
 + Level 2.3 Dodging
 + Level 5.0 Stealth


You had 3 spell levels left.
You didn't know any spells.
Your spell library contained the following spells:

 Spells                   Type           Power      Damage    Failure   Level
 Pain                     Necr           0%         1d4       50%         1
 Agony                    Necr           0%         N/A       100%        5
 Excruciating Wounds      Necr           0%         N/A       100%        5


Dungeon Overview and Level Annotations

Branches:
Dungeon (5/15)
 Temple: D:4-7

Altars:

Annotations:
D:2 Terence


Innate Abilities, Weirdness & Mutations

You have a pair of horns on your head.
You reflexively headbutt those who attack you in melee.


Message History

You kill the goblin!
You have reached level 4!
You feel agile.
Things that are here:
a +0 club; a goblin corpse
p - a coppery potion Jessica shouts!
You hear a shout!
Jessica shouts, "Stop bothering me, or I'll kill you!"
Jessica completely misses you.
You hit Jessica.
Jessica is almost dead.
Jessica barely misses you.
You closely miss Jessica.
Jessica is almost dead.
Jessica mumbles some strange words.
Jessica seems to speed up.
You closely miss Jessica. You headbutt Jessica.
You kill Jessica!
Your Armour skill increases to level 1!
Your Stealth skill increases to level 5!
Things that are here:
a +4 club; a +0 robe; a murky yellow potion Terence hits you from afar with a +0 trident!
Terence completely misses you. You furiously retaliate!
You headbutt Terence, but do no damage. You hit Terence but do no damage.
Terence hits you with a +0 trident.
You closely miss Terence. Terence misses you.
You hit Terence but do no damage. Your headbutt misses Terence.
Terence hits you with a +0 trident! Terence barely misses you.
You hit Terence.
Terence is lightly wounded.
Terence hits you with a +0 trident!
You hit Terence but do no damage. You headbutt Terence, but do no damage.
Terence is lightly wounded.
Terence hits you with a +0 trident!
* * * LOW HITPOINT WARNING * * *
You closely miss Terence.
Terence is lightly wounded.
Terence hits you with a +0 trident!
You die...

#........... #####.#####
####............# #.....# #
#............# #....<# #
#............# #.....# #
#............# #.....#####
#............# #.....'....
#.)..........# #.....###..
#)........@..# #####'###..
#.........@..# #....##..
#.......)....# #....##..
#.........)..# #....##..
##########.### #....##..
############....## #....####
#................#######....#
#.##########.#.##......'....#
#....####....#.#.....###....#
####...)#.####.#.......#....#


You could see Terence.

Vanquished Creatures
  Jessica (D:2)
  An orc wizard (D:4)
  A gnoll (D:2)
  A dart slug (D:1)
  A ball python (D:1)
  5 endoplasms
  2 giant cockroaches (D:1)
  3 goblins (D:2)
  2 hobgoblins (D:1)
  A kobold (D:1)
  3 quokkas
  A bat (D:1)
  3 frilled lizards
  5 rats (D:1)
30 creatures vanquished.

Notes
Turn   | Place    | Note
-------+----------+-------------------------------------------
     0 | D:5      | cbfl8 the Minotaur Delver began the quest for the Orb.
     0 | D:5      | Reached XP level 1. HP: 19/19 MP: 0/0
    52 | D:4      | Noticed an orc wizard
    60 | D:4      | Killed an orc wizard
    61 | D:4      | Reached XP level 2. HP: 27/27 MP: 1/1
   114 | D:2      | Noticed Terence
   116 | D:2      | Noticed Jessica
   159 | D:2      | Reached XP level 3. HP: 15/33 MP: 2/2
   213 | D:1      | Found a faded altar of an unknown god.
  1324 | D:2      | Reached XP level 4. HP: 40/40 MP: 3/3
  1353 | D:2      | Killed Jessica
  1354 | D:2      | Reached skill level 1 in Armour
  1354 | D:2      | Reached skill level 5 in Stealth
  1362 | D:2      | Slain by Terence

Illustrated notes

Levels and vault maps discovered:
D:1:      mrwooster_arrival_statue, layout_rooms, ebering_ecumenical_altar_webs,
          wad_floor_pattern_untrapped, amcnicky_mini_pool_small
D:2:      layout_basic, uniq_terence, uniq_crazy_yiuf_cottage, uniq_jessica
D:3:      layout_loops_corners, kennysheep_generic_room_2
D:4:      layout_loops_cross, gup_sewer_entry_bowl, minmay_strange_pillars
D:5:      layout_basic

Skill      XL: |  1  2  3  4 |
---------------+-------------+-----
Axes           | 3 |  3.3
Fighting       | 4 |  4.1
Armour         | 1 |  1.0
Stealth        | 5 |  5.0
Polearms       | |  0.6
Dodging        | |  2.3

Action                   |  1- 3 |  4- 6 || total
-------------------------+-------+-------++-------
Melee: Hand axe          |    35 |       ||    35
       Headbutt          |     4 |     2 ||     6
       Trident           |     7 |     9 ||    16
  Use: Scroll            |     2 |       ||     2
       Potion            |     1 |       ||     1
 Stab: Sleeping          |     3 |       ||     3
Armor: Leather armour    |     7 |       ||     7
Dodge: Dodged            |    35 |     5 ||    40
